AoeStats
← Flash Git

Arena

507708602Analyzed
4v4 RM · 12d ago on Sep 19, 2026· 40m 25s· 8 players
Game mode
Random Map
Map size
Large (8 player)
Population
200
Speed
Normal
Resources
Standard
Victory
Conquest
Starting age
Dark Age
Ending age
Imperial Age
RankedLock teamsTeams togetherTeam positionsShared explorationLock speedFull tech treeHidden civsTurbo modeCheats
Victory
Defeat
🇭🇰 Khmer · Hong Kong SAR China
1420
+10
🇯🇵 Teutons · Japan
1410
+10
🇨🇳 Vietnamese · China
1316
+14
1246
+17
🇦🇺 Vikings · Australia
1415
-19
🇦🇺 Vietnamese · Australia
1252
-12
🇬🇧 Shu · United Kingdom
1231
-11
🇨🇳 Hindustanis · China
1174
-9
poplin
10:32 Feudal Age
14:56 Castle Age
13:30 Double-Bit Axe
14:09 Horse Collar
16:12 Bow Saw
21:01 Wheelbarrow
22:31 Loom
22:53 Stone Mining
24:20 Hand Cart
24:33 Gold Mining
29:00 Imperial Age
27:10 Forging
27:05 Scale Barding Armor
28:33 Iron Casting
28:10 Bloodlines
29:32 Chain Barding Armor
29:41 Devotion
29:03 Cavalier
31:04 Conscription
32:32 Chemistry
32:43 Plate Barding Armor
34:22 Blast Furnace
34:46 Stone Shaft Mining
34:47 Paladin
36:21 Caravan
39:23 Guilds
39:30 Scale Mail Armor
虫
11:29 Feudal Age
14:44 Castle Age
12:51 Double-Bit Axe
13:06 Horse Collar
16:01 Bow Saw
15:54 Heavy Plow
22:37 Wheelbarrow
22:22 Gold Mining
22:23 Stone Mining
23:46 Hand Cart
23:44 Loom
24:54 Gold Shaft Mining
28:57 Imperial Age
26:48 Town Watch
27:41 Town Patrol
28:41 Husbandry
28:52 Bloodlines
28:55 Scale Barding Armor
29:01 Forging
29:25 Tusk Swords
30:03 Chain Barding Armor
30:19 Iron Casting
30:06 Conscription
29:40 Elite Battle Elephant
31:27 Crop Rotation
31:35 Plate Barding Armor
32:05 Blast Furnace
31:58 Stone Shaft Mining
35:14 Capped Ram
39:30 Siege Ram
1722767622
11:26 Feudal Age
11:22 Loom
15:24 Castle Age
13:36 Double-Bit Axe
13:59 Stone Mining
14:21 Horse Collar
16:06 Wheelbarrow
23:19 Bow Saw
25:29 Hand Cart
25:41 Hand Cart
25:44 Gold Mining
26:25 Town Watch
29:17 Pikeman
32:50 Imperial Age
31:01 Squires
31:06 Scale Mail Armor
32:52 Chain Mail Armor
32:28 Fletching
32:51 Forging
33:08 Padded Archer Armor
33:16 Thumb Ring
32:59 Man-at-Arms
34:16 Paper Money
34:56 Stone Shaft Mining
33:49 Halberdier
33:50 Long Swordsman
36:31 Ballistics
37:12 Chemistry
36:13 Bodkin Arrow
36:54 Bracer
37:07 Elite Rattan Archer
37:24 Two-Handed Swordsman
37:50 Arson
39:32 Leather Archer Armor
39:48 Plate Mail Armor
40:43 Town Patrol
41:18 Ring Archer Armor
伐伐伐伐伐木工
10:47 Feudal Age
12:36 Loom
15:31 Castle Age
17:03 Double-Bit Axe
17:11 Horse Collar
18:53 Gold Mining
27:07 Imperial Age
27:05 Wheelbarrow
28:20 Bow Saw
27:52 Crossbowman
30:42 Hand Cart
31:29 Two-Man Saw
31:27 Conscription
32:46 Hoardings
32:56 Stone Mining
33:46 Gold Shaft Mining
33:13 Heavy Plow
34:02 Thumb Ring
34:03 Padded Archer Armor
35:23 Fletching
37:05 Crop Rotation
36:19 Arbalester
38:52 Leather Archer Armor
39:39 Stone Shaft Mining
40:01 Bodkin Arrow
40:40 Ring Archer Armor
xiexieBB
11:32 Feudal Age
13:27 Wheelbarrow
15:34 Castle Age
13:55 Double-Bit Axe
15:02 Loom
15:49 Horse Collar
17:59 Heavy Plow
23:33 Bow Saw
23:29 Gold Mining
23:30 Stone Mining
25:51 Hand Cart
26:17 Gold Shaft Mining
27:56 Scale Mail Armor
28:08 Forging
31:21 Imperial Age
28:39 Town Watch
29:47 Chain Mail Armor
30:08 Iron Casting
29:38 Scale Barding Armor
29:49 Masonry
29:35 Murder Holes
29:50 Fortified Wall
30:02 Ballistics
31:00 Stone Shaft Mining
31:07 Coinage
31:33 Husbandry
31:44 Bloodlines
30:54 Light Cavalry
31:53 Town Patrol
33:33 Two-Man Saw
33:35 Blast Furnace
32:57 Chain Barding Armor
32:17 Heavy Camel Rider
32:44 Hussar
34:09 Imperial Camel Rider
38:01 Conscription
38:17 Hoardings
37:43 Grand Trunk Road
39:28 Plate Barding Armor
kqq
11:27 Feudal Age
15:22 Castle Age
13:07 Horse Collar
13:21 Double-Bit Axe
16:59 Wheelbarrow
22:59 Heavy Plow
23:11 Loom
26:32 Gold Mining
26:53 Bow Saw
30:27 Imperial Age
28:05 Fletching
28:17 Padded Archer Armor
28:49 Bodkin Arrow
29:16 Ballistics
29:14 Hand Cart
30:50 Leather Archer Armor
30:35 Scale Mail Armor
30:49 Coiled Serpent Array
31:01 Squires
30:27 Pikeman
32:40 Two-Man Saw
32:00 Chain Mail Armor
31:39 Halberdier
32:22 Bracer
32:49 Forging
33:12 Thumb Ring
32:29 Elite Skirmisher
34:44 Ring Archer Armor
35:14 Fortified Wall
35:01 Gambesons
35:01 Arson
37:05 Gambesons
38:00 Conscription
Flash Git
9:14 Loom
11:12 Feudal Age
15:15 Castle Age
14:09 Horse Collar
14:17 Double-Bit Axe
16:16 Bow Saw
16:06 Heavy Plow
24:10 Wheelbarrow
30:35 Imperial Age
28:04 Town Watch
27:49 Crossbowman
28:34 Thumb Ring
32:46 Two-Man Saw
32:17 Crop Rotation
32:01 Fletching
32:27 Pikeman
33:10 Padded Archer Armor
34:15 Squires
34:38 Bodkin Arrow
35:08 Paper Money
34:27 Elite Skirmisher
35:59 Hand Cart
35:47 Town Patrol
36:15 Gold Mining
36:19 Stone Mining
37:03 Bracer
37:18 Leather Archer Armor
[MLT] Vexillolgy
10:59 Feudal Age
12:32 Double-Bit Axe
15:15 Castle Age
13:36 Horse Collar
16:34 Bow Saw
21:51 Gold Mining
21:54 Stone Mining
27:56 Imperial Age
26:15 Gold Shaft Mining
25:27 Town Watch
25:54 Scale Mail Armor
25:33 Man-at-Arms
25:58 Gambesons
26:01 Arson
26:43 Squires
26:57 Loom
26:41 Long Swordsman
26:54 Pikeman
28:34 Chain Mail Armor
28:31 Forging
28:15 Two-Handed Swordsman
28:31 Capped Ram
31:22 Plate Mail Armor
32:22 Chieftains
33:09 Conscription
34:32 Heavy Plow
34:40 Elite Berserk
37:29 Hoardings
36:31 Siege Ram
38:22 Iron Casting
37:38 Fletching
37:49 Padded Archer Armor
38:51 Elite Skirmisher
39:29 Bodkin Arrow
Connection lost

Rejoining the realm…

Still unreachable

The connection could not be restored.

Session expired

The server has moved on; the page needs a fresh start.